 Dungeon Crawl Stone Soup version 0.29-a0-824-gd827844252 (webtiles) character file.

Game seed: 14941272191186733205

89 greasedhog the Shooter (level 4, -15/33 HPs)
             Began as a Formicid Hunter on July 9, 2022.
             Blown up by Ijyb (20 damage)
             ... with a mindburst bolt
             ... on level 3 of the Dungeon.
             The game lasted 00:03:03 (1935 turns).

greasedhog the Shooter (Formicid Hunter)            Turns: 1935, Time: 00:03:04

Health: -15/33     AC:  5    Str: 15    XL:     4   Next: 84%
Magic:  4/4        EV: 12    Int:  9    God:
Gold:   151        SH:  0    Dex: 19    Spells: 3/3 levels left

rFire   . . .      SeeInvis +   j - +0 dagger (elec)
rCold   . . .      Faith    .   (no shield)
rNeg    . . .      Spirit   .   c - +0 leather armour
rPois   .          Reflect  .   (helmet unavailable)
rElec   .          Harm     .   f - +0 cloak
rCorr   .          Rampage  .   k - +0 pair of gloves
Will    .....                   (no boots)
Stlth   ++........              (no amulet)
HPRegen 0.11/turn               (no ring)
MPRegen 0.09/turn               (no ring)

@: no status effects
A: permanent stasis, dig shafts and tunnels, antennae 3, four strong arms
a: Dig, Shaft Self


You were on level 3 of the Dungeon.
You visited 1 branch of the dungeon, and saw 3 of its levels.

You collected 151 gold pieces.

Inventory:

Hand Weapons
 a - a +1 shortbow
 g - the +4 whip of Xuego {flame, Dex+3 Stlth+}
   (You found it on level 2 of the Dungeon)

   It burns those it strikes, dealing additional fire damage.
   Dex:       It affects your dexterity (+3).
   Stlth:     It makes you more stealthy.
 j - a +0 dagger of electrocution (weapon)
Armour
 c - a +0 leather armour (worn)
 f - a +0 cloak (worn)
 k - a +0 pair of gloves (worn)
Jewellery
 m - a +6 ring of intelligence
Scrolls
 b - 3 scrolls of immolation
 o - a scroll of identify
Potions
 d - a potion of brilliance
 e - 2 potions of heal wounds {unknown}
 h - 2 potions of attraction {unknown}
 i - 2 potions of haste {unknown}
 l - a potion of flight {unknown}
 n - a potion of curing {unknown}


   Skills:
 - Level 2.1 Fighting
 * Level 5.7 Ranged Weapons
 - Level 1.7 Dodging
 + Level 1.9 Stealth


You had 3 spell levels left.
You didn't know any spells.
Your spell library contained the following spells:

 Spells                   Type           Power      Damage    Failure   Level
 Stone Arrow              Conj/Erth      0%         3d7       83%         3
 Animate Armour           Summ/Erth      0%         N/A       99%         4
 Lehudib's Crystal Spear  Conj/Erth      0%         10d2      100%        8


Dungeon Overview and Level Annotations

Branches:
Dungeon (3/15)

Altars:

Shops:
D:2 [

Annotations:
D:3 Ijyb


Innate Abilities, Weirdness & Mutations

You cannot be hasted, slowed, berserked, paralysed or teleported.
You can dig through walls and to a lower floor.
You have a pair of large antennae on your head. (SInv)
Your four strong arms can wield two-handed weapons with a shield.


Message History

No target in view!
Ijyb the Twisted Goblin comes into view.
She is wielding a +0 club and carrying a wand of mindburst (10).
Ijyb is nearby!
You shoot an arrow.
Ijyb shouts!
The arrow hits Ijyb but does no damage.
You shoot an arrow. The arrow hits Ijyb but does no damage.
Ijyb zaps a wand.
Your mind is blasted!
You shoot an arrow. The arrow hits Ijyb.
Ijyb is lightly wounded.
Ijyb zaps a wand.
Your mind is blasted!
You shoot an arrow. The arrow closely misses Ijyb.
You shoot an arrow. The arrow hits Ijyb.
Ijyb is heavily wounded.
You shoot an arrow. The arrow hits Ijyb.
Ijyb is heavily wounded.
You shoot an arrow. The arrow hits Ijyb.
Ijyb is severely wounded.
Ijyb hits you but does no damage.
You hear the crackle of electricity.
j - a +0 dagger of electrocution (weapon)
You barely miss Ijyb.
Ijyb is severely wounded.
Ijyb hits you with a +0 club.
You hit Ijyb but do no damage.
Ijyb is severely wounded.
Ijyb hits you with a +0 club.
You hit Ijyb but do no damage.
Ijyb is severely wounded.
Ijyb screams, "I cut your head off!" Ijyb hits you with a +0 club.
You closely miss Ijyb.
Ijyb is severely wounded.
Ijyb zaps a wand.
Your mind is blasted!
* * * LOW HITPOINT WARNING * * *
You barely miss Ijyb.
Ijyb is severely wounded.
Ijyb zaps a wand.
Your mind is blasted!
Ouch! That really hurt!
You die...

........ #...... ......
# ####.... .#
..............
#..).#........
#...g#........
#####...@#........
#............#....
#.##....##........
#.................
####..............
....###.##........
###.#.............
#.#.#.##........
#.....##...............


You could see Ijyb.

Vanquished Creatures
  Jessica (D:2)
  Terence (D:2)
  A worm (D:2)
  A dart slug (D:1)
  An orc (D:3)
  2 bats
  3 endoplasms
  2 giant cockroaches
  5 goblins
  2 hobgoblins
  2 jackals (D:2)
  A kobold (D:1)
  6 frilled lizards
  5 rats
33 creatures vanquished.

Notes
Turn   | Place    | Note
-------+----------+-------------------------------------------
     0 | D:1      | greasedhog the Formicid Hunter began the quest for the Orb.
     0 | D:1      | Reached XP level 1. HP: 16/16 MP: 1/1
    58 | D:1      | Found a faded altar of an unknown god.
    72 | D:1      | Reached XP level 2. HP: 22/22 MP: 2/2
   788 | D:2      | Reached XP level 3. HP: 27/27 MP: 3/3
   793 | D:2      | Identified the +4 whip of Xuego {flame, Dex+3 Stlth+}
   814 | D:2      | Noticed Jessica
   819 | D:2      | Killed Jessica
   820 | D:2      | Reached skill level 5 in Ranged Weapons
   932 | D:2      | Found Utigiss's Antique Armour Boutique.
  1010 | D:2      | Reached XP level 4. HP: 33/33 MP: 4/4
  1628 | D:2      | Noticed Terence
  1633 | D:2      | Killed Terence
  1922 | D:3      | Noticed Ijyb
  1935 | D:3      | Blown up by Ijyb

Illustrated notes

Levels and vault maps discovered:
D:1:      nzn_arrival_water_spiral, layout_basic,
          shapermc_ecumenical_altar_starsandcircs
D:2:      layout_loops_corners, serial_shops, nicolae_shop_crystal,
          uniq_terence, uniq_jessica
D:3:      layout_basic, mainiacjoe_overflow_tiny_flanked, uniq_ijyb,
          uniq_grinder, uniq_crazy_yiuf_cottage

Skill      XL: |  1  2  3 |
---------------+----------+-----
Ranged Weapons | 5 |  5.7
Fighting       | |  2.1
Dodging        | |  1.7
Stealth        | |  1.9

Action                   |  1- 3 |  4- 6 || total
-------------------------+-------+-------++-------
Melee: Dagger            |       |     5 ||     5
 Fire: Shortbow          |    41 |    38 ||    79
  Use: Scroll            |     5 |       ||     5
Armor: Leather armour    |     1 |     3 ||     4
Dodge: Dodged            |       |     3 ||     3

Table legend: (Time is in decaauts)
 A = Elapsed time spent in this place.
 B = Non-inter-level travel time spent in this place.
 C = Inter-level travel time spent in this place.
 D = Time resting spent in this place.
 E = Time spent auto-exploring this place.
 F = Levels seen in this place.
 G = Mean time per level.
                   A        B        C        D        E       F      G
               +--------+--------+--------+--------+--------+-----+--------+
         Total |   1961 |   1911 |     50 |      0 |   1643 |   3 |  653.7 |
       Dungeon |   1961 |   1911 |     50 |      0 |   1643 |   3 |  653.7 |
               +--------+--------+--------+--------+--------+-----+--------+

Top non-repeatable levels by time:
     D:2: 1090 daAuts
     D:1: 773 daAuts
     D:3: 98 daAuts
